 Dungeon Crawl Stone Soup version 0.22.1-1-ga44c0e56f4 (webtiles) character file.

119 Kaderl the Shield-Bearer (level 5, -2/41 HPs)
             Began as a Human Fighter on Oct 13, 2018.
             Slain by an adder (4 damage)
             ... on level 3 of the Dungeon.
             The game lasted 00:04:54 (1894 turns).

Kaderl the Shield-Bearer (Human Fighter)            Turns: 1894, Time: 00:04:54

Health: -2/41      AC:  6    Str: 16    XL:     5   Next: 24%
Magic:  5/5        EV:  7    Int:  8    God:
Gold:   89         SH: 10    Dex: 14    Spells: 4/4 levels left

rFire    . . .     SeeInvis .   a - +1 long sword
rCold    . . .     Gourm    .   c - +1 shield
rNeg     . . .     Faith    .   b - +0 scale mail
rPois    .         Spirit   .   (no helmet)
rElec    .         Reflect  .   (no cloak)
rCorr    .         Harm     .   (no gloves)
MR       .....                  (no boots)
Stlth    ..........             k - amulet of magic regeneration
HPRegen  0.13/turn              (no ring)
MPRegen  0.34/turn              (no ring)

@: no status effects
A: no striking features
a: no special abilities


You were on level 3 of the Dungeon.
You were not hungry.

You visited 1 branch of the dungeon, and saw 3 of its levels.

You collected 89 gold pieces.

Inventory:

Hand Weapons
 a - a +1 long sword (weapon)
Armour
 b - a +0 scale mail (worn)
 c - a +1 shield (worn)
Jewellery
 k - an amulet of magic regeneration (around neck)
Wands
 n - a wand of polymorph (22)
 p - a wand of enslavement (10)
Scrolls
 h - a scroll of enchant armour
 i - 2 scrolls of identify
 l - a scroll of noise {unknown}
 o - a scroll of remove curse
Potions
 d - a potion of might
 e - 2 potions of cancellation {unknown}
 g - 3 potions of curing {unknown}
 j - a potion of mutation
 m - a potion of ambrosia {unknown}
Comestibles
 f - 2 rations


   Skills:
 + Level 3.5 Fighting
 + Level 3.5 Long Blades
 + Level 3.3 Armour
 + Level 0.7 Dodging
 + Level 3.7 Shields


You had 4 spell levels left.
You didn't know any spells.
Your spell library was empty.

Dungeon Overview and Level Annotations

Branches:
Dungeon (3/15)

Altars:
Elyvilon
Hepliaklqana


Message History

The adder bites you but does no damage. You block the adder's attack.
Your shield and scale mail prevent you from hitting the adder.
The adder is almost dead.
The adder bites you but does no damage. The adder bites you.
* * * LOW HITPOINT WARNING * * *
You closely miss the adder.
The adder is almost dead.
The adder bites you but does no damage.
You closely miss the adder.
The adder is almost dead.
The adder bites you.
* * * LOW HITPOINT WARNING * * *
You block the adder's attack.
You closely miss the adder.
The adder is almost dead.
The adder bites you but does no damage. x2
You closely miss the adder.
The adder is almost dead.
You block the adder's attack. The adder bites you.
You die...

#.#..............................
........................##.##.###
#..........###..........##.##.# #
#.#.#.#.#..#####†.............###
#.#..............................
#.#.....PP........PPPP..PP....###
......♣♣♣...♣♣♣P.P♣♣♣...♣♣♣P..# #
......♣ ♣P. ♣P..♣ ..P♣ ♣...###
......♣ .P♣♣♣P@.♣♣♣...♣ ♣......
.......P.P.......SP.....P.....###
#.#...........................# #
#.#...PPP...P....P..P......P..# #
......♣♣♣P..♣♣♣...♣♣♣P..♣♣♣P..#
#.....♣ ... ♣..P♣ ...♣ ♣...#
#.#...♣ .. ♣.%.♣ ..♣ ♣...#
....... P..P. P ...# # ......


You could see an adder.

Vanquished Creatures
  Natasha (D:3)
  4 adders
  An ooze (D:3)
  2 worms
  2 dart slugs (D:1)
  2 leopard geckos
  5 giant cockroaches
  3 hobgoblins (D:1)
  A ball python (D:1)
  7 bats
  A frilled lizard (D:2)
  6 goblins
  6 kobolds
  8 rats
49 creatures vanquished.

Notes
Turn   | Place    | Note
-------+----------+-------------------------------------------
     0 | D:1      | Kaderl the Human Fighter began the quest for the Orb.
     0 | D:1      | Reached XP level 1. HP: 18/18 MP: 1/1
    16 | D:1      | Reached XP level 2. HP: 24/24 MP: 2/2
   302 | D:1      | Reached XP level 3. HP: 29/29 MP: 3/3
  1148 | D:2      | Reached XP level 4. HP: 29/35 MP: 4/4
  1253 | D:2      | Found a hazy altar of Hepliaklqana.
  1833 | D:3      | Found a white marble altar of Elyvilon.
  1850 | D:3      | Noticed Natasha
  1868 | D:3      | Killed Natasha
  1868 | D:3      | Reached XP level 5. HP: 10/41 MP: 5/5
  1891 | D:3      | HP: 2/41 [adder (4)]
  1894 | D:3      | Slain by an adder

Skill      XL: |  1  2  3  4 |
---------------+-------------+-----
Long Blades    | 3 |  3.5
Fighting       | |  3.5
Armour         | |  3.3
Dodging        | |  0.7
Shields        | |  3.7

Action                   |  1- 3 |  4- 6 || total
-------------------------+-------+-------++-------
Melee: Long sword        |    98 |    81 ||   179
  Use: Scroll            |     5 |     3 ||     8
  Eat: Ration            |     1 |       ||     1
Armor: Scale mail        |    68 |    34 ||   102
Dodge: Dodged            |    38 |    21 ||    59
Block: Shield            |    75 |    49 ||   124
       Rpst.: Long sword |    15 |     6 ||    21
